AoeStats
← JohnLemond

Arena

510646813Analyzed
2v2 RM · 1d ago on Oct 2, 2026· 30m 38s· 4 players
Game mode
Random Map
Map size
Medium (4 player)
Population
200
Speed
Normal
Resources
Standard
Victory
Conquest
Starting age
Dark Age
Ending age
Imperial Age
RankedLock teamsTeams togetherTeam positionsShared explorationLock speedFull tech treeHidden civsTurbo modeCheats
Victory
Defeat
🇮🇳 Franks · India
1040
+15
🇺🇸 Malians · United States
997
+17
🇺🇸 Bengalis · United States
1030
-16
🇺🇸 Italians · United States
1007
-16
JohnLemond
7:17 Loom
11:29 Feudal Age
12:11 Double-Bit Axe
15:58 Castle Age
16:31 Horse Collar
18:51 Wheelbarrow
18:29 Bow Saw
19:51 Fletching
26:04 Bodkin Arrow
26:26 Bodkin Arrow
27:14 Ballistics
26:17 Crossbowman
29:20 Padded Archer Armor
The_NK
9:37 Feudal Age
10:57 Loom
14:35 Castle Age
12:29 Double-Bit Axe
12:30 Horse Collar
18:49 Husbandry
20:59 Bow Saw
22:33 Fletching
22:53 Crossbowman
23:05 Crossbowman
26:30 Redemption
29:14 Light Cavalry
Kimster213
0:34 Loom
11:27 Feudal Age
15:27 Castle Age
14:07 Stone Mining
17:34 Town Watch
17:45 Fletching
18:43 Double-Bit Axe
19:06 Murder Holes
22:52 Forging
XxX_ins1dious_XxX
12:19 Feudal Age
12:58 Horse Collar
13:09 Double-Bit Axe
15:45 Castle Age
15:46 Wheelbarrow
14:56 Loom
16:09 Scale Mail Armor
17:31 Bow Saw
18:24 Heavy Plow
20:23 Stone Mining
23:56 Forging
26:23 Hand Cart
27:10 Gold Mining
28:39 Gold Shaft Mining
28:15 Arson
28:30 Squires
28:57 Chain Mail Armor
Connection lost

Rejoining the realm…

Still unreachable

The connection could not be restored.

Session expired

The server has moved on; the page needs a fresh start.